 Dungeon Crawl Stone Soup version 0.21.1-1-g345015f (webtiles) character file.

4 tidbits the Caller (level 1, -1/13 HPs)
             Began as a Gnoll Summoner on June 9, 2018.
             Slain by a leopard gecko (5 damage)
             ... on level 1 of the Dungeon.
             The game lasted 00:01:11 (110 turns).

tidbits the Caller (Gnoll Summoner)                  Turns: 110, Time: 00:01:12

Health: -1/13      AC:  2    Str: 10    XL:     1   Next: 60%
Magic:  4/6        EV: 14    Int: 17    God:
Gold:   0          SH:  0    Dex: 15    Spells: 8/9 levels left

rFire    . . .     SeeInvis .   a - +0 dagger
rCold    . . .     Gourm    .   (no shield)
rNeg     + . .     Faith    .   g - +0 robe
rPois    .         Spirit   .   (no helmet)
rElec    .         Reflect  .   (no cloak)
rCorr    .         Harm     .   (no gloves)
MR       .....                  (no boots)
Stlth    +++.......             (no amulet)
HPRegen  0.04/turn              d - ring of positive energy
MPRegen  0.10/turn              (no ring)

@: no status effects
A: distributed training, fangs 1, strong nose
a: no special abilities


You were on level 1 of the Dungeon.
You were not hungry.

You visited 1 branch of the dungeon, and saw 2 of its levels.

Inventory:

Hand Weapons
 a - a +0 dagger (weapon)
Armour
 g - a +0 robe (worn)
Jewellery
 d - a ring of positive energy (left hand)
   (You found it on level 1 of the Dungeon)
Scrolls
 e - a scroll of fear {unknown}
 f - a scroll of identify {unknown}
Potions
 h - a potion of brilliance {unknown}
Books
 b - a book of Callings

   Spells                             Type                      Level
   a - Summon Small Mammal            Summoning                    1
   b - Call Imp                       Summoning                    2
   c - Call Canine Familiar           Summoning                    3
   d - Summon Guardian Golem          Hexes/Summoning              3
   e - Summon Lightning Spire         Summoning/Air                4
   f - Summon Ice Beast               Ice/Summoning                4
Comestibles
 c - 2 rations


   Skills:
 + Level 0.0 Fighting
 + Level 0.0 Short Blades
 + Level 0.0 Long Blades
 + Level 0.0 Axes
 + Level 0.0 Maces & Flails
 + Level 0.0 Polearms
 + Level 0.0 Staves
 + Level 0.0 Slings
 + Level 0.0 Bows
 + Level 0.0 Crossbows
 + Level 0.0 Throwing
 + Level 0.0 Armour
 + Level 4.4 Dodging
 + Level 4.0 Stealth
 + Level 0.0 Shields
 + Level 0.0 Unarmed Combat
 + Level 4.8 Spellcasting
 + Level 0.0 Conjurations
 + Level 0.0 Hexes
 + Level 0.0 Charms
 + Level 7.0 Summonings
 + Level 0.0 Necromancy
 + Level 0.0 Translocations
 + Level 0.0 Transmutations
 + Level 0.0 Fire Magic
 + Level 0.0 Ice Magic
 + Level 0.0 Air Magic
 + Level 0.0 Earth Magic
 + Level 0.0 Poison Magic
 + Level 0.1 Invocations
 + Level 0.0 Evocations


You had 8 spell levels left.
You knew the following spells:

 Your Spells              Type           Power        Failure   Level  Hunger
a - Summon Small Mammal   Summ           ####         1%          1    None


Dungeon Overview and Level Annotations

Branches:
Dungeon (2/15)

Altars:
Gozag

Annotations:
D:2 Natasha


Innate Abilities, Weirdness & Mutations

Your experience applies equally to all skills.
You have very sharp teeth.
Your uncanny sense of smell can sniff out nearby items.


Message History

Your quokka bites the kobold.
The kobold dies!
Things that are here:
a whip; a stone; a kobold corpse You swap places.
You see here a bubbling white potion.
h - a bubbling white potion Adjust (i)tems, (s)pells, or (a)bilities?
Adjust which item? (? for menu, Esc to quit)
g - a +0 dagger (weapon)
Adjust to which letter? (? for menu, Esc to quit)
a - a +0 dagger (weapon);
g - a +0 robe (worn)
You swap places.
Things that are here:
a stone; a goblin corpse
There is a stone staircase leading down here.
Found 2 gold pieces.
You swap places.
There is a stone staircase leading down here.
You climb downwards.
Your summoned allies are left behind.
There is a stone staircase leading up here.
Unknown command.
A bat comes into view.
Found a mace.
Found an opulent altar of Gozag.
Unknown command.
A hobgoblin comes into view.
The hobgoblin shouts!
Casting: Summon Small Mammal
Confirm with . or Enter, or press ? or * to list all spells.
The bat completely misses you. The bat hits you but does no damage.
Your bat closely misses the hobgoblin.
Casting: Summon Small Mammal
Confirm with . or Enter, or press ? or * to list all spells.
Your bat misses the hobgoblin. The bat misses you. The bat hits you.
* * * LOW HITPOINT WARNING * * *
Your bat hits the hobgoblin but does no damage.
The bat barely misses you.
Casting: Summon Small Mammal
Confirm with . or Enter, or press ? or * to list all spells.
Your bat misses the hobgoblin. The bat hits you but does no damage.
The bat closely misses you.
Your rat barely misses the bat.
The hobgoblin barely misses you.
Your bat hits the hobgoblin but does no damage.
The bat hits you but does no damage.
The bat hits your rat but does no damage.
Your quokka bites the hobgoblin.
Your rat closely misses the bat.
The hobgoblin completely misses you.
You hit the hobgoblin.
The hobgoblin is almost dead.
The bat misses you.
Your bat misses the hobgoblin. The bat hits you.
* * * LOW HITPOINT WARNING * * *
Your quokka closely misses the hobgoblin.
Your rat bites the bat.
The hobgoblin closely misses you.
You hit the hobgoblin.
You kill the hobgoblin!
The bat completely misses you. The bat barely misses you.
A leopard gecko comes into view.
The bat hits your rat but does no damage.
The bat hits your rat.
Your bat hits the bat but does no damage.
The bat hits your rat.
Your rat dies!
Your rat's corpse disappears in a puff of smoke!
The bat misses you.
Unknown command.
The bat hits you.
* * * LOW HITPOINT WARNING * * *
Your bat barely misses the bat.
Your quokka bites the bat.
The bat misses your quokka.
You closely miss the bat.
The bat is severely wounded.
Your bat completely misses the bat.
The bat completely misses you.
Your bat hits the bat.
The bat dies!
The leopard gecko hisses angrily.
Natasha, Servant of Life and Death comes into view.
The leopard gecko closely misses your bat.
The leopard gecko misses your bat.
You swap places.
The leopard gecko bites your bat.
Your quokka completely misses Natasha.
Your bat hits the leopard gecko but does no damage.
Natasha claws your quokka!
Your quokka dies!
Your quokka's corpse disappears in a puff of smoke!
Your bat hits the leopard gecko. The leopard gecko misses your bat.
Your bat barely misses the leopard gecko.
Your bat hits the leopard gecko but does no damage.
Something claws your bat!
Your bat dies!
Your bat's corpse disappears in a puff of smoke!
There is a stone staircase leading up here.
The leopard gecko barely misses you.
You climb upwards.
There is a stone staircase leading down here.
Unknown command.
Casting: Summon Small Mammal
Confirm with . or Enter, or press ? or * to list all spells.
The leopard gecko bites you.
You die...

#.. .# ###.. #.##
.... ...# ##..##..#
#.......#
#.####.(..#
#.......(.#
###############l.r#
...............(@.#
#################.#
........# .#.$...##
#.###. # #. #. #.
#.


You could see a leopard gecko and a friendly quokka.

Vanquished Creatures
  A hobgoblin (D:2)
  A rat (D:1)
2 creatures vanquished.

Vanquished Creatures (collateral kills)
  A goblin (D:1)
  A bat (D:2)
  A kobold (D:1)
3 creatures vanquished.

Grand Total: 5 creatures vanquished

Notes
Turn   | Place    | Note
-------+----------+-------------------------------------------
     0 | D:1      | tidbits the Gnoll Summoner began the quest for the Orb.
     0 | D:1      | Reached XP level 1. HP: 13/13 MP: 6/6
    84 | D:2      | Found an opulent altar of Gozag.
    99 | D:2      | Noticed Natasha
   110 | D:1      | Slain by a leopard gecko

Action                   || total
-------------------------++-------
Melee: Dagger            ||     8
       Unarmed           ||     3
 Cast: Summon Small Mamm ||     6
 Stab: Sleeping          ||     1
Armor: Robe              ||     4
Dodge: Dodged            ||    21

Table legend:
 A = Turns spent in this place as a percentage of turns spent in the entire game.
 B = Non-inter-level travel turns spent in this place as a percentage of non-inter-level travel turns spent in the entire game.
 C = Inter-level travel turns spent in this place as a percentage of turns spent in this place.
 D = Turns resting spent in this place as a percentage of non-inter-level travel turns spent in this place.
 E = Turns spent auto-exploring this place as a percentage of non-inter-level travel turns spent in this place.
 F = Non-inter-level travel turns spent in this place divided by the number of levels of this place that you've seen.
                   A       B       C       D       E      F
               +-------+-------+-------+-------+-------+----------------------
         Total | 100.0 | 100.0 |   0.0 |   0.0 |   0.0 |  55.0
       Dungeon | 100.0 | 100.0 |   0.0 |   0.0 |   0.0 |  55.0
               +-------+-------+-------+-------+-------+----------------------

Table legend:
 A = Kills in this place as a percentage of kills in entire the game.
 B = Kills by you in this place as a percentage of kills by you in the entire game.
 C = Kills by friends in this place as a percentage of kills by friends in the entire game.
 D = Other kills in this place as a percentage of other kills in the entire game.
 E = Experience gained in this place as a percentage of experience gained in the entire game.
 F = Experience gained in this place divided by the number of levels of this place that you have seen.
                   A       B       C       D       E      F
               +-------+-------+-------+-------+-------+----------------------
         Total | 100.0 | 100.0 | 100.0 |   N/A | 100.0 |   3.0
       Dungeon | 100.0 | 100.0 | 100.0 |   N/A | 100.0 |   3.0
               +-------+-------+-------+-------+-------+----------------------

Vault maps used:
D:1:      dpeg_arrival_windows_large_door, st_stairs_9
D:2:      zin_scriptorium, grunt_temple_overflow_open, uniq_natasha
